 Dungeon Crawl Stone Soup version 0.27-a0-1312-g5cdb2b3542 (webtiles) character file.

Game seed: 3247689116156653797

2 Hamester5 the Skirmisher (level 1, 0/19 HPs)
             Began as a Barachi Berserker on June 20, 2021.
             Was a Follower of Trog.
             Slain by a ball python (1 damage)
             ... on level 1 of the Dungeon.
             The game lasted 00:00:30 (38 turns).

Hamester5 the Skirmisher (Barachi Berserker)          Turns: 38, Time: 00:00:31

Health: 0/19       AC:  2    Str: 18    XL:     1   Next: 30%
Magic:  1/1        EV:  9    Int:  7    God:    Trog [*.....]
Gold:   10         SH:  0    Dex: 11    Spells: 0/0 levels left

rFire    . . .     SeeInvis .   a - +0 falchion
rCold    . . .     Faith    .   (no shield)
rNeg     . . .     Spirit   .   b - +0 animal skin
rPois    .         Reflect  .   (no helmet)
rElec    .         Harm     .   (no cloak)
rCorr    .         Rampage  .   (no gloves)
Will     .....                  (no boots)
Stlth    +.........             (no amulet)
HPRegen  0.06/turn              (no ring)
MPRegen  0.07/turn              (no ring)

@: constricted, slow
A: amphibious, slowness 1, strong legs 1, +LOS
a: Hop, Renounce Religion, Berserk


You were on level 1 of the Dungeon.
You worshipped Trog.
Trog was aware of your devotion.
You visited 1 branch of the dungeon, and saw 1 of its levels.

You collected 10 gold pieces.

Inventory:

Hand Weapons
 a - a +0 falchion (weapon)
Armour
 b - a +0 animal skin (worn)


   Skills:
 + Level 3.7 Fighting
 - Level 3.6 Long Blades
 - Level 2.4 Armour
 + Level 2.3 Dodging


You couldn't memorise any spells.
You didn't know any spells.
Your spell library was empty.

Dungeon Overview and Level Annotations

Branches:
Dungeon (1/15)

Altars:


Innate Abilities, Weirdness & Mutations

You are amphibious.
You cover ground slowly.
You can hop short distances.
You have an extended range of vision and can be seen from far away.


Message History

You kill the endoplasm!
Trog accepts your kill.
A frilled lizard comes into view.
A bat and 2 jackals come into view.
The jackal barks!
A jackal comes into view.
The bat moves out of view.
The jackal barks!
A jackal comes into view.
A ball python comes into view.
The jackal barks!
The frilled lizard bites you but does no damage. x2
The jackal barely misses you.
You closely miss the frilled lizard.
The ball python hisses angrily.
The jackal misses you.
The frilled lizard bites you but does no damage.
The ball python bites you. The ball python closely misses you.
You completely miss the frilled lizard. The jackal misses you.
The frilled lizard bites you. The jackal closely misses you.
The ball python bites you but does no damage.
The ball python grabs you. The ball python constricts you.
You closely miss the frilled lizard. The jackal barely misses you.
The jackal bites you. The ball python closely misses you.
The ball python constricts you.
The frilled lizard bites you but does no damage.
You closely miss the frilled lizard. The jackal bites you.
The jackal barely misses you.
You riposte.
You closely miss the jackal. The ball python bites you.
The ball python constricts you. The frilled lizard bites you.
The jackal bites you but does no damage.
The jackal barely misses you.
You barely miss the frilled lizard. The ball python closely misses you.
* * * LOW HITPOINT WARNING * * *
The ball python constricts you. The jackal bites you.
* * * LOW HITPOINT WARNING * * *
The frilled lizard bites you.
* * * LOW HITPOINT WARNING * * *
The ball python bites you.
You die...

#.# ##.# ##...
.#####...#
.........#
.........# ####
#........###...#.
#......Slhh......
....##@#h..h.h.
#..#h#.......
#..>b...h....
##.#.#.......
##.#.#....... ###
#####....# .###.#
#.. #..##....# .. #
#..##..##....#####..
#..##..##........!.


You could see 3 jackals, a bat, a ball python and a frilled lizard.

Vanquished Creatures
  An endoplasm (D:1)
  A frilled lizard (D:1)
2 creatures vanquished.

Notes
Turn   | Place    | Note
-------+----------+-------------------------------------------
     0 | D:1      | Hamester5 the Barachi Berserker began the quest for the
                  | Orb.
     0 | D:1      | Reached XP level 1. HP: 18/18 MP: 1/1
    38 | D:1      | Slain by a ball python

Illustrated notes

Levels and vault maps discovered:
D:1:      lightli_iron_boxes, layout_rooms, serial_bayou_pond_d,
          minmay_surrounded

Action                   || total
-------------------------++-------
Melee: Falchion          ||     9
Armor: Animal skin       ||     8
Dodge: Dodged            ||    11
       Rpst.: Falchion   ||     1

Table legend: (Time is in decaauts)
 A = Elapsed time spent in this place.
 B = Non-inter-level travel time spent in this place.
 C = Inter-level travel time spent in this place.
 D = Time resting spent in this place.
 E = Time spent auto-exploring this place.
 F = Levels seen in this place.
 G = Mean time per level.
                   A        B        C        D        E       F      G
               +--------+--------+--------+--------+--------+-----+--------+
         Total |     44 |     44 |      0 |      0 |     15 |   1 |   44.0 |
       Dungeon |     44 |     44 |      0 |      0 |     15 |   1 |   44.0 |
               +--------+--------+--------+--------+--------+-----+--------+

Top non-repeatable levels by time:
     D:1: 44 daAuts
